[Event "*** Titled Tuesday Blitz"]
[Site "Chess.com"]
[Date "2020.05.05"]
[Round "10"]
[White "Shield12"]
[Black "Witik"]
[Result "1-0"]
[WhiteElo "2821"]
[BlackElo "2651"]
[TimeControl "180+1"]
[EndTime "11:58:23 PDT"]
[Termination "Shield12 won on time"]

1. e4 c6 2. Nf3 d5 3. d3 Nf6 4.
e5 Nfd7 5. d4 e6 6. c3 c5 7. Bd3 Nc6 8. O-O Qb6 9. Bc2 Be7 10.
dxc5 Nxc5 11. Re1 O-O 12. Nbd2 f6 13. exf6 Bxf6 14. Nb3 Nxb3 15. axb3 Bd7 16. Be3 Qc7 17. Qd2 Rad8 18. b4 a6 19. h3 Bc8 20. Bb3 Kh8 21.
Rad1 e5 22. Bxd5 e4 23. Ng5 Bf5 24. Qe2 Qe7 25. Bc5 Qe5 26. Nxe4 Rxd5 27. Rxd5 Qxd5 28. Bxf8 Bd8 29. Bc5 h6 30. Nd6 Bg6 31. Nxb7 Bf6 32. Nd6 Ne5 33. Ne4 Nd3 34. Nxf6 gxf6 35. Rd1 1-0

[Event "*** Titled Tuesday Blitz"]
[Site "Chess.com"]
[Date "2020.05.05"]
[Round "10"]
[White "cukus"]
[Black "ElGasanov"]
[Result "0-1"]
[WhiteElo "2516"]
[BlackElo "2722"]
[TimeControl "180+1"]
[EndTime "11:58:24 PDT"]
[Termination "ElGasanov won on time"]

1. e4 c5 2. Nf3 Nc6 3. d4 cxd4 4. Nxd4 Nf6 5. Nc3 g6 6. Nxc6 dxc6 7. Qxd8+ Kxd8 8. Bc4 Bg7 9. a4 Rf8 10. Bf4 Nd7 11.
O-O-O e5 12. Be3 Kc7 13. Rd2 Nb6 14. Bb3 Be6 15. Bxe6 fxe6 16. b3 Rad8 17. Rhd1 Rxd2 18. Rxd2 Nc8 19. f3 Rf7 20. Kb2 Bf8 21. Nb1 a5 22. Na3 Nd6 23. c4 b6 24. c5 bxc5 25. Bxc5 Nxe4 26. fxe4 Bxc5 27. Nc4 Bb4 28. Nxe5 Rf1 0-1

[Event "*** Titled Tuesday Blitz"]
[Site "Chess.com"]
[Date "2020.05.05"]
[Round "10"]
[White "Konovalova_Vera"]
[Black "Funkmaus"]
[Result "1/2-1/2"]
[WhiteElo "2111"]
[BlackElo "2208"]
[TimeControl "180+1"]
[EndTime "11:58:25 PDT"]
[Termination "Game drawn by repetition"]

1. d4 c6 2. Nf3 d5 3. e3 Nf6 4. Bd3 Bg4 5. b3 e6 6. Bb2 Bd6 7. Nbd2 Nbd7 8. O-O O-O 9. h3 Bh5 10. Be2 a5 11. a4 Re8 12. Ne5 Bxe2 13. Qxe2 Qc7 14.
f4 Ne4 15. Nxe4 dxe4 16. c4 f5 17. Nxd7 Qxd7 18. Rad1 Qf7 19. Qd2 Bb4 20. Bc3 Bxc3 21. Qxc3 Red8 22. Rd2 Qc7 23. Rfd1 Qb6 24. d5 exd5 25.
cxd5 cxd5 26. Rxd5 Rxd5 27. Rxd5 Qe6 28. Qd4 h6 29. Kh2 Kh7 30. Rd7 Qg6 31. Rxb7 h5 32. Rb6 Qf7 33. Qe5 Rc8 34. Rb5 Qg6 35. Rxa5 Rc2 36. Qxf5 Rxg2+ 37. Kh1 Rg1+ 38. Kh2 Rg2+ 39. Kh1 Rg1+ 40. Kh2 Rg2+ 1/2-1/2

[Event "*** Titled Tuesday Blitz"]
[Site "Chess.com"]
[Date "2020.05.05"]
[Round "10"]
[White "Yuri202062"]
[Black "SaqoChess_Twitch"]
[Result "0-1"]
[WhiteElo "2510"]
[BlackElo "2418"]
[TimeControl "180+1"]
[EndTime "11:58:26 PDT"]
[Termination "SaqoChess_Twitch won by resignation"]

1. d4 d5 2. c4 e6 3. Nc3 Nf6 4. cxd5 exd5 5. Bg5 c6 6. e3 Qb6 7. Qd2 Ne4 8. Nxe4 dxe4 9. Ne2 Nd7 10. Nc3 h6 11. Bf4 f5 12. Bc4 Nf6 13. O-O Qd8 14. f3 exf3 15. Rxf3 Bd6 16. Re1 g5 17.
Bxd6 Qxd6 18. e4 Nxe4 19. Nxe4 fxe4 20. Rxe4+ Kd8 21. Qf2 Bd7 22. Rf7 Re8 23. Rxe8+ Kxe8 24. Rh7 Kd8 25. Rh8+ Be8 26. Qe3 Qe7 27. Qg3 Qf6 28. Qe5 Qxe5 29. dxe5 b5 30. Bb3 h5 31. Kf2 Ke7 32.
Ke3 c5 33. Bd5 Rd8 34. Rh7+ Kf8 35. Be4 Rd1 36. Rxa7 c4 37. Ra8 Ke7 38. Bf5 Rg1 39. Ra7+ Kf8 40. g3 Rg2 41. h4 Rxg3+ 42. Kd4 gxh4 43. e6 h3 44. Ke5 h2 45. e7+ Kg7 46. Be4 Re3 0-1

[Event "*** Titled Tuesday Blitz"]
[Site "Chess.com"]
[Date "2020.05.05"]
[Round "10"]
[White "DonBroca"]
[Black "FM_VS99"]
[Result "0-1"]
[WhiteElo "2130"]
[BlackElo "2313"]
[TimeControl "180+1"]
[EndTime "11:58:27 PDT"]
[Termination "FM_VS99 won by resignation"]

1. e4 g6 2. c4 Bg7 3. d4 d6 4.
Nc3 e5 5. Nf3 Nc6 6. d5 Nd4 7.
h3 c5 8. dxc6 bxc6 9. Be3 c5 10.
Nd5 Ne7 11. Bd3 O-O 12. O-O h6 13. Rb1 Nxd5 14. cxd5 f5 15. b4 Nxf3+ 16. Qxf3 cxb4 17. Rxb4 Qa5 18. Rb2 Qc3 19. Rd2 f4 20. Rfd1 fxe3 21. Qxe3 Qd4 22. Qe2 Qb6 23. Rb1 Qd8 24. Rc2 Qg5 25. Rc7 Bxh3 26. g3 Bg4 27. Rbb7 Bf6 28. f3 Bc8 29. Rxa7 Qxg3+ 30. Kf1 Rxa7 31. Rxa7 Bh4 32. Qg2 0-1

[Event "*** Titled Tuesday Blitz"]
[Site "Chess.com"]
[Date "2020.05.05"]
[Round "10"]
[White "AwesomeMango"]
[Black "Spring199"]
[Result "1-0"]
[WhiteElo "2225"]
[BlackElo "2331"]
[TimeControl "180+1"]
[EndTime "11:58:27 PDT"]
[Termination "AwesomeMango won by resignation"]

1. e4 e5 2. Nf3 Nc6 3. Bb5 a6 4.
Ba4 Nf6 5. O-O Be7 6. d3 b5 7. Bb3 O-O 8. Nc3 d6 9. a3 Bg4 10. Be3 Nd4 11. Bxd4 exd4 12. Nd5 Nd7 13. h3 Bh5 14. g4 Bg6 15. Nxd4 Bh4 16. f4 h5 17. gxh5 Bh7 18. Qg4 Nc5 19. Nc6 f5 20. exf5 Nxb3 21.
Nxd8 Nxa1 22. Qxh4 Nxc2 23. Ne6 Rxf5 24. Ne7+ Kh8 25.
Nxf5 Bxf5 26. Qe7 Rg8 27. Ng5 Bxd3 28. Rd1 Bf5 29. Qf7 Ne3 30. Re1 1-0

[Event "*** Titled Tuesday Blitz"]
[Site "Chess.com"]
[Date "2020.05.05"]
[Round "10"]
[White "DinaBelenkaya"]
[Black "RAU4ever"]
[Result "0-1"]
[WhiteElo "2117"]
[BlackElo "2318"]
[TimeControl "180+1"]
[EndTime "11:58:27 PDT"]
[Termination "RAU4ever won by resignation"]

1. e4 c5 2. Nc3 g6 3. g3 Bg7 4.
Bg2 Nc6 5. Nge2 d6 6. O-O Nf6 7. d3 O-O 8. h3 Ne8 9. Be3 Bd7 10.
Qc1 Nd4 11. Bh6 Bxh6 12. Qxh6 Nxc2 13. Rad1 Nd4 14. Nf4 e6 15. h4 Qf6 16. Nh3 Qg7 17. Qe3 Rb8 18. f4 f5 19. Rfe1 Nf6 20. Qd2 Rfe8 21.
Kh1 b5 22. exf5 gxf5 23. Qf2 Ng4 24. Qf1 b4 25. Nb1 Nf6 26. Qf2 h6 27. Nd2 Kh8 28.
Nf3 Ng4 29. Qf1 Nc2 30. Re2 Nce3 31. Qe1 Nxd1 32. Qxd1 Bc6 33. Qe1 e5 34. Nf2 e4 35.
Nxg4 exf3 36. Rxe8+ Rxe8 37. Qf2 fxg2+ 0-1

[Event "*** Titled Tuesday Blitz"]
[Site "Chess.com"]
[Date "2020.05.05"]
[Round "10"]
[White "davigator"]
[Black "AthanasiusLefebvre"]
[Result "1-0"]
[WhiteElo "2275"]
[BlackElo "2090"]
[TimeControl "180+1"]
[EndTime "11:58:29 PDT"]
[Termination "davigator won on time"]

1. e4 c5 2. Nf3 e6 3. d4 cxd4 4. Nxd4 a6 5. Nc3 Qc7 6. Bd3 b5 7. O-O Bb7 8. Qe2 Nf6 9. Kh1 d5 10. e5 Nfd7 11. f4 g6 12. a4 b4 13. Nd1 Nc6 14.
Nxc6 Qxc6 15. a5 h5 16. Be3 h4 17. Bd4 h3 18. g4 Bc5 19. c3 Ke7 20. Rf3 Rh4 21.
Rg3 Rg8 22. Ne3 Qc7 23. Qf1 Rgh8 24. Qe2 Ke8 25. Nd1 Be7 26. Nf2 Nc5 27. Qe3 Nb3 28. Ra2 Nxd4 29. cxd4 b3 30. Ra1 Bb4 31. Bf1 Bxa5 32.
Qxb3 Bb6 33. Rd1 Qc6 34. Rxh3 Rxh3 35. Bxh3 Rh4 36. Kg2 Ba5 37. Kg3 Rh7 38. Bf1 Qb6 39. Qa4+ Bc6 40. Qa3 Bb5 41. Bxb5+ Qxb5 42. Qd6 Qb3+ 43.
Rd3 1-0

[Event "*** Titled Tuesday Blitz"]
[Site "Chess.com"]
[Date "2020.05.05"]
[Round "10"]
[White "bait_or_mate"]
[Black "afgano29"]
[Result "0-1"]
[WhiteElo "2533"]
[BlackElo "2694"]
[TimeControl "180+1"]
[EndTime "11:58:33 PDT"]
[Termination "afgano29 won on time"]

1. d4 Nf6 2. c4 g6 3. Nc3 d5 4. cxd5 Nxd5 5. e4 Nxc3 6. bxc3 c5 7. Nf3 Bg7 8. Bb5+ Nc6 9. O-O cxd4 10. cxd4 O-O 11. Bxc6 bxc6 12. Be3 c5 13. dxc5 Bxa1 14. Qxa1 f6 15. Rd1 Qc7 16. Qd4 Be6 17. Qa4 Rfd8 18. Rc1 Bd7 19. Qc4+ Kg7 20. Nd4 e5 21. Ne2 Qc6 22.
Nc3 Be6 23. Qb5 Rdc8 24. Qxc6 Rxc6 25. Nd5 Rb8 26. h3 Kf7 27. a3 a5 28. Nb6 Rd8 29.
Nc4 Bxc4 30. Rxc4 Rd3 31. a4 Ke6 32. Kf1 f5 0-1

[Event "*** Titled Tuesday Blitz"]
[Site "Chess.com"]
[Date "2020.05.05"]
[Round "10"]
[White "Gmedmundo"]
[Black "vlad_Sid"]
[Result "0-1"]
[WhiteElo "2507"]
[BlackElo "2635"]
[TimeControl "180+1"]
[EndTime "11:58:36 PDT"]
[Termination "vlad_Sid won on time"]

1. e4 c6 2. d4 d5 3. e5 Bf5 4. Nf3 e6 5. Be2 c5 6. Be3 Nc6 7. O-O Qb6 8. Nc3 Qxb2 9. Nb5 c4 10.
Nc7+ Kd8 11. Nxa8 Bxc2 12. Qe1 Kc8 13. Rc1 Bb4 14. Bd2 c3 15. Be3 Kb8 16. Bb5 Nge7 17. Ng5 Bg6 18. a3 Ba5 19. f4 Qxb5 20. Nf3 Kxa8 21.
Nh4 Be4 22. Qg3 Ng6 23. Nf3 Bxf3 24. Qxf3 Nge7 25. g4 h5 26. h3 hxg4 27. hxg4 Qc4 28. Rfd1 c2 29. Rf1 Nxd4 30. Qf2 Ne2+ 31. Kg2 Ng6 0-1

[Event "*** Titled Tuesday Blitz"]
[Site "Chess.com"]
[Date "2020.05.05"]
[Round "10"]
[White "Kimster98"]
[Black "vwnv7"]
[Result "1-0"]
[WhiteElo "2527"]
[BlackElo "2341"]
[TimeControl "180+1"]
[EndTime "11:58:36 PDT"]
[Termination "Kimster98 won on time"]

1. d4 d5 2. Bf4 Nf6 3. e3 c5 4. c3 Nc6 5. Nd2 e6 6. Ngf3 Bd6 7. Bg3 O-O 8. Bd3 Re8 9. Ne5 Qc7 10. f4 g6 11. Bh4 Nd7 12. O-O Bf8 13. Qe2 Bg7 14. g4 b6 15. Ndf3 Bb7 16. Ng5 f6 17. Nxh7 fxe5 18. Bxg6 exd4 19. exd4 cxd4 20. g5 dxc3 21. Qh5 Nf8 22. Nf6+ Bxf6 23. gxf6 Nxg6 24. Qxg6+ Kh8 25. f7 Qxf7 26. Qxf7 Rg8+ 27. Kf2 1-0

[Event "*** Titled Tuesday Blitz"]
[Site "Chess.com"]
[Date "2020.05.05"]
[Round "10"]
[White "suneebaker"]
[Black "ahachess"]
[Result "1/2-1/2"]
[WhiteElo "2194"]
[BlackElo "2351"]
[TimeControl "180+1"]
[EndTime "11:58:36 PDT"]
[Termination "Game drawn by repetition"]

1. d4 Nf6 2. Nf3 g6 3. g3 Bg7 4. Bg2 O-O 5. O-O d6 6. c4 Nc6 7. Nc3 Bg4 8. h3 Bxf3 9. Bxf3 Nd7 10. Be3 e5 11. dxe5 Ndxe5 12. Bd5 Qc8 13. Kh2 Ne7 14. f4 Nd7 15. Bg2 Nf5 16. Bf2 Nb6 17. e4 Ne7 18. Qe2 Qe6 19. Nd5 Nexd5 20. cxd5 Nxd5 21.
Qc4 Nxf4 22. Qxe6 Nxe6 23. Rab1 a5 24. Rfc1 Rab8 25. Rc4 Be5 26. b4 axb4 27. Rcxb4 b6 28. a4 Ra8 29. Bf1 Ra5 30. Bb5 Rc8 31. Rc4 Nc5 32. Be1 Ra7 33. Bc6 Rd8 34. Kg2 Kg7 35. Bf2 Ra5 36. Bb5 Rc8 37. Bc6 Rd8 38. Bb5 Rc8 39.
Bc6 Rd8 1/2-1/2

[Event "*** Titled Tuesday Blitz"]
[Site "Chess.com"]
[Date "2020.05.05"]
[Round "10"]
[White "Xeniya2005"]
[Black "Gromes7"]
[Result "1-0"]
[WhiteElo "2286"]
[BlackElo "2119"]
[TimeControl "180+1"]
[EndTime "11:58:36 PDT"]
[Termination "Xeniya2005 won by resignation"]

1. e4 c5 2. Nf3 a6 3. Nc3 Nc6 4.
d4 cxd4 5. Nxd4 e5 6. Nf5 d6 7.
Ne3 Be6 8. Ned5 h6 9. Be3 Nf6 10. Bb6 Qc8 11. Nc7+ Kd7 12. Nxa8 Qxa8 13. Be2 Be7 14.
O-O Rc8 15. Qd2 Ke8 16. Rad1 Kf8 17. Rfe1 Qb8 18. Bf1 Nd7 19. Be3 b5 20. Nd5 Bxd5 21. exd5 Nd8 22. a4 Nf6 23. axb5 axb5 24. f3 Qb7 25. c3 Qd7 26. Ra1 Nb7 27. Ra7 Rb8 28.
Rea1 Qc8 29. R1a6 Nc5 30. Rc6 Qd8 31. Bxc5 dxc5 32. d6 Kg8 33. Rxe7 e4 34. fxe4 b4 35. Rcc7 bxc3 36. bxc3 Rb1 37. Rxf7 Qa8 38. Rxg7+ Kf8 39. Rcf7+ Ke8 40. d7+ Kd8 41. Rf8+ Kc7 42. d8=Q+ 1-0

[Event "*** Titled Tuesday Blitz"]
[Site "Chess.com"]
[Date "2020.05.05"]
[Round "10"]
[White "Quiet_Desperation"]
[Black "allvim"]
[Result "0-1"]
[WhiteElo "2215"]
[BlackElo "2327"]
[TimeControl "180+1"]
[EndTime "11:58:37 PDT"]
[Termination "allvim won by resignation"]

1. e4 c5 2. d4 cxd4 3. c3 d3 4. Bxd3 Nc6 5. Nf3 d6 6. Bc4 Nf6 7. e5 dxe5 8. Qxd8+ Nxd8 9. Nxe5 e6 10. O-O Bd6 11. Nf3 O-O 12. Bg5 Be7 13. Nbd2 Nc6 14. Rad1 a6 15. Rfe1 b5 16. Bb3 Bb7 17. Ne5 Nxe5 18.
Rxe5 Rfd8 19. Ree1 Rd7 20. Nf1 Rad8 21. Rxd7 Rxd7 22.
Rd1 Rxd1 23. Bxd1 h6 24. Bh4 Bd5 25. a3 a5 26. Ne3 Bb7 27. Be2 b4 28. axb4 axb4 29.
c4 Kf8 30. Nc2 Be4 31. Nd4 Nd7 32. Bxe7+ Kxe7 33. f3 Bb7 34. Nc2 b3 35. Nd4 Nc5 36. Kf2 Kd6 37. Ke3 g6 38. Bd1 Ba6 39. Nxb3 Bxc4 40.
Nd2 Bb5 41. Kd4 e5+ 42. Ke3 f5 43. b4 Na6 44. f4 Nxb4 45. fxe5+ Kxe5 46. Nf3+ Kf6 47. h4 Bf1 48. g3 Nd5+ 49. Kf2 Ba6 50. Bc2 Nc3 51. Nd4 Bc4 52. h5 Ne4+ 53. Bxe4 fxe4 54.
hxg6 Kxg6 55. Ke3 Bd3 56. g4 Kg5 57. Nf5 h5 58. Nd6 Kxg4 0-1

[Event "*** Titled Tuesday Blitz"]
[Site "Chess.com"]
[Date "2020.05.05"]
[Round "10"]
[White "m_ezat"]
[Black "AVolodin"]
[Result "1-0"]
[WhiteElo "2514"]
[BlackElo "2664"]
[TimeControl "180+1"]
[EndTime "11:58:38 PDT"]
[Termination "m_ezat won on time"]

1. d4 Nf6 2. c4 c5 3. d5 b5 4. cxb5 a6 5. Nc3 axb5 6. e4 b4 7. Nb5 d6 8. Bf4 g5 9. Bxg5 Nxe4 10. Bf4 Bg7 11. Qe2 Nf6 12. Nxd6+ Kf8 13. Nxc8 Qxc8 14. Qf3 Nbd7 15. d6 e5 16. Bg5 e4 17. Qh3 Qc6 18. Ne2 Qxd6 19. Ng3 Qe5 20. Bh6 Rg8 21. Bb5 Nb6 22. Nf5 Nbd5 23. Nxg7 Rxg7 24. O-O Nf4 25. Qh4 Ng6 26. Qg3 Qxb2 27. Rac1 Qxa2 28. Qd6+ Kg8 29. Qxf6 1-0

[Event "*** Titled Tuesday Blitz"]
[Site "Chess.com"]
[Date "2020.05.05"]
[Round "10"]
[White "ecwinslow"]
[Black "szefru"]
[Result "0-1"]
[WhiteElo "2190"]
[BlackElo "2102"]
[TimeControl "180+1"]
[EndTime "11:58:39 PDT"]
[Termination "szefru won on time"]

1. e4 Nf6 2. e5 Nd5 3. d4 d6 4. Nf3 g6 5. Bc4 c6 6. h3 Bg7 7. O-O O-O 8. Re1 dxe5 9. Nxe5 Bf5 10. c3 Nd7 11. Nf3 N7f6 12. Nbd2 Qd7 13. Ne5 Qc7 14. Nf1 Rad8 15. Ng3 Bc8 16. Qe2 Rfe8 17. h4 h5 18. Bg5 b5 19. Bb3 a5 20. a4 b4 21. c4 Nb6 22.
Rad1 Ng4 23. f3 Nxe5 24. dxe5 Be6 25. Bf4 Rxd1 26. Rxd1 Rd8 27. Be3 Rxd1+ 28. Qxd1 Bxe5 29. Nf1 Bxb2 30. Nd2 Bg7 31. Qc2 c5 32. Qd3 Qd6 33. Qe2 Bd4 34. Ne4 Bxe3+ 35. Qxe3 Qd4 36. Qxd4 cxd4 0-1

[Event "*** Titled Tuesday Blitz"]
[Site "Chess.com"]
[Date "2020.05.05"]
[Round "10"]
[White "GuerrieroFromLevant"]
[Black "politeplayer"]
[Result "1-0"]
[WhiteElo "2374"]
[BlackElo "2227"]
[TimeControl "180+1"]
[EndTime "11:58:41 PDT"]
[Termination "GuerrieroFromLevant won by resignation"]

1. e4 e6 2. d4 d5 3. Nc3 dxe4 4. Nxe4 Nd7 5. Nf3 Ngf6 6. Nxf6+ Nxf6 7. c3 c5 8. Be3 Qc7 9. dxc5 Bxc5 10. Bxc5 Qxc5 11.
Qd4 Qxd4 12. Nxd4 Bd7 13. Bb5 O-O-O 14. O-O-O Ne4 15. Rhf1 Bxb5 16. Nxb5 Rxd1+ 17. Kxd1 Rd8+ 18. Kc1 a6 19. Nd4 e5 20. Nf5 g6 21. Ne3 Kc7 22.
f3 Nc5 23. Rd1 Rxd1+ 24. Kxd1 Nd3 25. Kc2 Nf4 26. g3 Ne6 27. Ng4 Kd6 28. Nf6 h5 29. h4 Ng7 30. Ne4+ Kc6 31. Ng5 f6 32. Ne4 f5 33. Ng5 f4 34. gxf4 exf4 35. Nh3 Nf5 36. Nxf4 Nxh4 37. Kd3 Nxf3 38. Nxg6 Kd6 39. Ke3 Ne5 40.
Nf4 Nc4+ 41. Kd4 Nxb2 42. Nxh5 b5 43. Ng3 Nc4 44. Ne4+ Kc6 45. Nc5 a5 46. a4 Nb2 47.
axb5+ Kxb5 48. Nb3 a4 49. Nc1 a3 50. Na2 Ka4 51. Nc1 Nd1 52. c4 Nb2 53. c5 Kb5 54.
Kd5 Na4 55. c6 Nc3+ 56. Kd6 Ne4+ 57. Kd7 Nf6+ 58. Kd6 Nd5 59. Kxd5 1-0

[Event "*** Titled Tuesday Blitz"]
[Site "Chess.com"]
[Date "2020.05.05"]
[Round "10"]
[White "Balla_Tamas"]
[Black "MFguimaraes"]
[Result "0-1"]
[WhiteElo "2537"]
[BlackElo "2422"]
[TimeControl "180+1"]
[EndTime "11:58:42 PDT"]
[Termination "MFguimaraes won by checkmate"]

1. e4 e5 2. Nf3 Nc6 3. d4 exd4 4. Nxd4 Bb4+ 5. c3 Bc5 6. Nb3 Bb6 7. Bc4 Nf6 8. Qe2 O-O 9. Bg5 h6 10. Bxf6 Qxf6 11.
N1d2 a5 12. a4 Ne5 13. O-O d6 14. Kh1 Bd7 15. Nd4 Nxc4 16. Qxc4 Rfe8 17. f3 Be6 18. Nxe6 Qxe6 19. Rfd1 Rad8 20. Qxe6 fxe6 21. Nc4 d5 22. Nxb6 cxb6 23. e5 Rc8 24. Rd4 Rc5 25. Ra3 Rec8 26. Rb3 R8c6 27. Kg1 g5 28. Kf2 Kf7 29. g3 Kg6 30. Ke3 Kf5 31. f4 Rc4 32. Kf3 gxf4 33. Rxf4+ Rxf4+ 34. gxf4 Rc4 35. Rxb6 Rxf4+ 36. Ke3 Rxa4 37.
Rxb7 Rh4 38. Ra7 a4 39. Kd3 Kxe5 40. Ra6 Rh3+ 41. Kc2 Rxh2+ 42. Kd3 Rh4 43. Ke3 Rf4 44. Ra8 h5 45. Rh8 Re4+ 46. Kd3 h4 47. Rh5+ Kd6 48. Rh8 Rg4 49. Kc2 Rg2+ 50. Kb1 Rh2 51. Ka2 e5 52. Ka3 e4 53. Kxa4 Rxb2 54. Rxh4 Kc5 55.
Ka3 Rb8 56. Rh7 Kc4 57. Rc7+ Kd3 58. Rd7 Kxc3 59. Rxd5 Ra8+ 60. Ra5 Rxa5# 0-1

[Event "*** Titled Tuesday Blitz"]
[Site "Chess.com"]
[Date "2020.05.05"]
[Round "10"]
[White "Gandrade2"]
[Black "pgradalski"]
[Result "1-0"]
[WhiteElo "2040"]
[BlackElo "2175"]
[TimeControl "180+1"]
[EndTime "11:58:42 PDT"]
[Termination "Gandrade2 won on time"]

1. b3 d5 2. Bb2 Nf6 3. e3 c5 4. Nf3 Nc6 5. Bb5 Bd7 6. Bxc6 Bxc6 7. Ne5 e6 8. O-O Bd6 9. Nxc6 bxc6 10. d3 O-O 11. Nd2 e5 12. Nf3 Re8 13. Qe2 e4 14. dxe4 Nxe4 15. Nd2 Qh4 16. g3 Qh3 17. Nxe4 Rxe4 18.
Rfd1 Be5 19. Bxe5 Rxe5 20. Qf1 Qf5 21. c4 Rae8 22. cxd5 cxd5 23. Rac1 Qf3 24. Qg2 Qe2 25. Rxd5 Rxe3 26. Rdxc5 Rd3 27. Qc6 h6 28. R5c2 Qe5 29. Qc5 Qe6 30. Qb5 Qe4 31. Qa6 Rd7 32. Qc6 Rd5 33.
a4 h5 34. Qc4 Rd4 35. Qc6 Rd5 36.
b4 h4 37. Qa6 h3 38. Qf1 Qf5 39. Rc5 1-0

[Event "*** Titled Tuesday Blitz"]
[Site "Chess.com"]
[Date "2020.05.05"]
[Round "10"]
[White "Paladin61"]
[Black "kleopl"]
[Result "1-0"]
[WhiteElo "2675"]
[BlackElo "2469"]
[TimeControl "180+1"]
[EndTime "11:58:43 PDT"]
[Termination "Paladin61 won by resignation"]

1. d4 Nf6 2. c4 g6 3. g3 Bg7 4. Bg2 O-O 5. Nc3 c6 6. e4 d5 7. cxd5 cxd5 8. e5 Ne4 9. Nge2 Nxc3 10. Nxc3 e6 11. Be3 b6 12. h4 f5 13. Qd2 Ba6 14. h5 Nc6 15. h6 Bh8 16. Bf1 Bxf1 17. Kxf1 Bxe5 18. dxe5 d4 19. Rd1 dxe3 20. Qxe3 Qc7 21. Rd6 Rfe8 22. Kg2 Rad8 23. Rhd1 Nb4 24. Kg1 Qc8 25.
Qg5 Rxd6 26. Rxd6 Nc6 27. Qf6 Qc7 28. Rxc6 1-0

[Event "*** Titled Tuesday Blitz"]
[Site "Chess.com"]
[Date "2020.05.05"]
[Round "10"]
[White "stolencandy13"]
[Black "Gareth-Bale11"]
[Result "1/2-1/2"]
[WhiteElo "2554"]
[BlackElo "2720"]
[TimeControl "180+1"]
[EndTime "11:58:43 PDT"]
[Termination "Game drawn by agreement"]

1. e4 c5 2. Nf3 Nc6 3. d4 cxd4 4. Nxd4 Nf6 5. Nc3 e5 6. Ndb5 d6 7. Bg5 a6 8. Na3 b5 9. Nd5 Be7 10. Bxf6 Bxf6 11. c4 b4 12. Nc2 O-O 13. g3 Be6 14.
Bg2 a5 15. O-O g6 16. Nxf6+ Qxf6 17. Qxd6 Rac8 18. Qd3 Rfd8 19. Qe2 Bxc4 20. Qxc4 Nd4 21. Ne3 Rxc4 22. Nxc4 a4 23. Rfd1 Rc8 24. Bf1 Qf3 25.
Nxe5 Qxe4 26. Re1 Qf5 27. Bd3 Qf6 28. Rad1 Kg7 29. Bxg6 hxg6 30. Rxd4 Re8 31. Rde4 Qb6 32. Nd3 Rd8 33. Rxb4 Qa5 34. Re5 Qa6 35. Ne1 Rd2 36.
Re3 Qf6 37. Nf3 Rxb2 38. Rxa4 Rb1+ 39. Kg2 Qc6 40. Rf4 Qa6 41. Re1 Rb2 42. Re7 Qxa2 43.
Rfxf7+ Qxf7 1/2-1/2

[Event "*** Titled Tuesday Blitz"]
[Site "Chess.com"]
[Date "2020.05.05"]
[Round "10"]
[White "RATNAKARAN"]
[Black "aa175"]
[Result "1-0"]
[WhiteElo "2561"]
[BlackElo "2413"]
[TimeControl "180+1"]
[EndTime "11:58:44 PDT"]
[Termination "RATNAKARAN won on time"]

1. e4 c5 2. Nf3 d6 3. c3 Nf6 4. h3 Nc6 5. d4 g6 6. d5 Ne5 7. Nxe5 dxe5 8. Bd3 Bg7 9. g4 O-O 10. g5 Ne8 11. h4 e6 12. c4 exd5 13. cxd5 Nd6 14. h5 f5 15. gxf6 Qxf6 16. Be3 c4 17.
Be2 Nxe4 18. hxg6 Nxf2 19. gxh7+ Kh8 20. Bxf2 Qxf2+ 21. Kd2 Qf4+ 22. Kc3 e4+ 23. Kxc4 e3+ 24. Kb3 Bd7 25. a4 a5 26. Nc3 Rf6 27. Rc1 Rb6+ 28.
Ka2 Qb4 29. Bb5 Bxb5 30. axb5 Rxb5 31. Qc2 Rb6 32. Rcg1 Qc4+ 33. Ka1 Qc7 34. Qg2 a4 35. d6 Rxd6 36. Nb5 Qe7 37. Nxd6 a3 38. Qxg7+ Qxg7 39. Rxg7 axb2+ 40. Kxb2 Kxg7 41. Nf5+ Kh8 42. Nxe3 Rf8 43.
Nd5 Rf7 44. Kc3 Rxh7 45. Rf1 Rh3+ 46. Kd4 Kg7 47. Ke5 Rh2 48. Nf4 Rd2 49. Rg1+ 1-0

[Event "*** Titled Tuesday Blitz"]
[Site "Chess.com"]
[Date "2020.05.05"]
[Round "10"]
[White "Richarzard69"]
[Black "orkan85"]
[Result "0-1"]
[WhiteElo "2314"]
[BlackElo "2465"]
[TimeControl "180+1"]
[EndTime "11:58:44 PDT"]
[Termination "orkan85 won by resignation"]

1. Nf3 c5 2. c4 Nc6 3. Nc3 g6 4. g3 Bg7 5. Bg2 d6 6. O-O e6 7. e3 Nge7 8. d4 O-O 9. b3 Nf5 10. Ne2 e5 11. Bb2 cxd4 12. exd4 e4 13. Nd2 e3 14. Nf3 exf2+ 15. Rxf2 Ne3 16. Qd2 Nxg2 17.
Kxg2 Bg4 18. h3 Bf5 19. g4 Bd7 20. d5 Ne5 21. Nxe5 dxe5 22. Ng3 h6 23. Raf1 Qh4 24. Qe3 h5 25. Rh1 hxg4 26. hxg4 Qxg4 27. Kf1 Rae8 28.
Rg2 f5 29. Nh5 Qd1+ 30. Kf2 Qxh1 31. Qg5 Qxh5 32. Qxg6 Qxg6 33. Rxg6 Kf7 34. Rxg7+ Kxg7 35. Bxe5+ Rxe5 0-1

[Event "*** Titled Tuesday Blitz"]
[Site "Chess.com"]
[Date "2020.05.05"]
[Round "10"]
[White "Frogo47"]
[Black "atwalcb"]
[Result "1-0"]
[WhiteElo "2402"]
[BlackElo "2236"]
[TimeControl "180+1"]
[EndTime "11:58:45 PDT"]
[Termination "Frogo47 won by resignation"]

1. e4 d6 2. d4 Nf6 3. Nc3 Nbd7 4. Nf3 e5 5. Bc4 Be7 6. O-O O-O 7. Re1 c6 8. a4 b6 9. Ba2 a6 10. h3 Bb7 11. Be3 b5 12. b4 Qc7 13. Nh4 Rfe8 14.
Nf5 Bf8 15. Qf3 exd4 16. Bxd4 Ne5 17. Qg3 Kh8 18. f4 Ng6 19. h4 Nh5 20. Qg4 Ngxf4 21. Nxg7 Bxg7 22. Bxg7+ Nxg7 23. Qxf4 Re5 24. Rad1 Ne6 25.
Qf6+ Ng7 26. Rxd6 Qe7 27. Red1 Re8 28. Qxe7 R5xe7 29. Rd7 bxa4 30. Bxf7 Rxd7 31. Rxd7 Rb8 32. Nxa4 Ba8 33. Nc5 Ne8 34. Bxe8 Rxe8 35. c3 Kg8 36. Kf2 Kf8 37. Ke3 Kg8 38. g4 Rb8 39. Ra7 Re8 40. h5 h6 41. Nd7 1-0

[Event "*** Titled Tuesday Blitz"]
[Site "Chess.com"]
[Date "2020.05.05"]
[Round "10"]
[White "Gordima"]
[Black "Gennady_Kozlov"]
[Result "0-1"]
[WhiteElo "2769"]
[BlackElo "2605"]
[TimeControl "180+1"]
[EndTime "11:58:47 PDT"]
[Termination "Gennady_Kozlov won by resignation"]

1. d4 e6 2. c4 b6 3. Nc3 Bb7 4. e4 Bb4 5. Qc2 Qh4 6. Bd3 f5 7.
g3 Qe7 8. Ne2 Nf6 9. f3 Bxc3+ 10.
bxc3 fxe4 11. fxe4 e5 12. O-O d6 13. Bg5 Nbd7 14. a4 a5 15. c5 bxc5 16. d5 h6 17. Bd2 Ba6 18. c4 Bc8 19. Nc3 O-O 20. Nb5 Nb6 21. Bc3 Bh3 22. Rf3 Ng4 23. Be2 Nxc4 24. Rxf8+ Rxf8 25. Bxc4 Rf2 26. Qxf2 Nxf2 27. Kxf2 Qf6+ 28.
Ke3 Qg5+ 29. Kd3 Qg4 30. Re1 Qf3+ 31. Kd2 Bg4 32. Kc2 Qf2+ 33. Kb3 Qxh2 34. Bxa5 Qxg3+ 35. Bc3 h5 36. a5 Bc8 37. Nxc7 h4 38. a6 Bxa6 39.
Bxa6 h3 40. Nb5 h2 41. Nxd6 Qxe1 42. Bxe1 h1=Q 43. Bc3 Qb1+ 44. Bb2 Qd1+ 45. Ka3 Qf3+ 46. Ka4 Qf6 47. Nc4 Qxa6+ 0-1

[Event "*** Titled Tuesday Blitz"]
[Site "Chess.com"]
[Date "2020.05.05"]
[Round "10"]
[White "Kislov_Oleg"]
[Black "GelmanAlexander"]
[Result "0-1"]
[WhiteElo "2342"]
[BlackElo "2527"]
[TimeControl "180+1"]
[EndTime "11:58:48 PDT"]
[Termination "GelmanAlexander won by checkmate"]

1. d4 Nf6 2. Nc3 c5 3. dxc5 e6 4. e4 Nc6 5. Bd3 Bxc5 6. Bd2 a6 7.
Nf3 d6 8. O-O b5 9. Qe2 Bb7 10.
e5 dxe5 11. Nxe5 Nd4 12. Qd1 h5 13. Bg5 Qc7 14. Re1 Ng4 15. Bf4 O-O-O 16. Ne4 Bxe4 17. Rxe4 g5 18. Bg3 Nf6 19. Nxf7 Qxf7 20. Re5 Bd6 21. Rxg5 Ng4 22. a4 Bxg3 23. hxg3 Qxf2+ 24. Kh1 Qxg3 25. Rc5+ Kb8 26. Qe1 Qh2# 0-1

[Event "*** Titled Tuesday Blitz"]
[Site "Chess.com"]
[Date "2020.05.05"]
[Round "10"]
[White "Corpescador"]
[Black "GM4life"]
[Result "1-0"]
[WhiteElo "2383"]
[BlackElo "2183"]
[TimeControl "180+1"]
[EndTime "11:58:50 PDT"]
[Termination "Corpescador won by resignation"]

1. e4 c5 2. Nf3 d6 3. d4 cxd4 4.
Nxd4 Nf6 5. Nc3 a6 6. Be3 e5 7. Nb3 Be7 8. f3 Be6 9. Qd2 O-O 10. O-O-O Nbd7 11. Kb1 b5 12. g4 b4 13. Ne2 a5 14. g5 Nh5 15. Ng3 Nf4 16. h4 a4 17.
Nd4 exd4 18. Bxf4 Ne5 19. Qxd4 Nxf3 20. Qf2 b3 21. cxb3 axb3 22. a3 Bg4 23. Be2 Qc7 24.
Rc1 Qa7 25. Qxa7 Rxa7 26. Rc3 Ne5 27. Bxg4 Nxg4 28. Nf5 Nf2 29. Re1 Re8 30. Rf3 Ng4 31. Nxe7+ Raxe7 32. Rxb3 g6 33. Bxd6 Rxe4 34. Rxe4 Rxe4 35.
Rb8+ Kg7 36. Bf8+ Kg8 37. Bh6+ 1-0